 Dungeon Crawl Stone Soup version 0.31-a0-196-g86fe4a5e66 (webtiles) character file.

Game seed: 6036705443961306751

261 Anon1729 the Trooper (level 5, -1/42 HPs)
             Began as a Mummy Monk on June 24, 2023.
             Slain by a hound (4 damage)
             ... on level 4 of the Dungeon.
             The game lasted 00:05:03 (3897 turns).

Anon1729 the Trooper (Mummy Monk)                   Turns: 3897, Time: 00:05:03

Health: -1/42      AC:  3    Str: 14    XL:     5   Next: 96%
Magic:  5/5        EV: 13    Int: 12    God:
Gold:   222        SH:  0    Dex: 14    Spells: 4/4 levels left

rFire   x . .        a - +0 spear
rCold   + . .        c - orb {light}
rNeg    + + +        b - +0 robe
rPois   ∞            (no helmet)
rElec   .            (no cloak)
rCorr   .            (no gloves)
SInv    .            q - +0 pair of boots
Will    .....        d - amulet of magic regeneration
Stlth   +            (no ring)
HPRegen 0.27/turn    (no ring)
MPRegen 0.49/turn

%: faith
@: glowing
A: cold resistance 1, negative energy resistance 3, torment resistance 2, heat
vulnerability 1, in touch with death 1, no potions, faith
a: no special abilities


You were on level 4 of the Dungeon.
You visited 1 branch of the dungeon, and saw 5 of its levels.

You collected 222 gold pieces.

Inventory:

Hand Weapons
 a - a +0 spear (weapon)
Missiles
 o - 2 throwing nets
 p - 4 poisoned darts
Armour
 b - a +0 robe (worn)
 c - an orb of light (worn)
 q - a +0 pair of boots (worn)
Magical Staves
 l - a staff of conjuration
Jewellery
 d - an amulet of magic regeneration (around neck)
Wands
 h - a wand of paralysis (6)
Scrolls
 e - 2 scrolls of fog {unknown}
 f - 2 scrolls of enchant weapon {unknown}
 g - a scroll of poison {unknown}
 i - a scroll of teleportation {unknown}
 j - a scroll of torment {unknown}
 k - a scroll of amnesia {unknown}
 m - a scroll of identify {unknown}
 n - 2 scrolls of revelation {unknown}
 r - a scroll of noise {unknown}


   Skills:
 + Level 3.9 Fighting
 - Level 3.5 Polearms
 + Level 1.8 Armour
 + Level 3.3 Dodging
 * Level 1.9 Necromancy


You had 4 spell levels left.
You didn't know any spells.
Your spell library contained the following spells:

 Spells                   Type           Power      Damage    Failure   Level
 Slow                     Hex            0%         N/A       32%         1
 Tukima's Dance           Hex            0%         N/A       69%         3
 Passage of Golubria      Tloc           0%         N/A       97%         4
 Yara's Violent Unravell  Hex/Tmut       0%         3d3       100%        5


Dungeon Overview and Level Annotations

Branches:
Dungeon (5/15)
 Temple: D:4-7

Altars:
Makhleb

Shops:
D:3 =


Innate Abilities, Weirdness & Mutations

You are immune to poison.
Your flesh is cold resistant. (rC+)
You are immune to negative energy. (rN+++)
You are immune to unholy pain and torment.
You are vulnerable to heat. (rF-)
You are in touch with the powers of death.
You do not drink.
You have a special connection with the divine. (Faith)


Message History

You hit the hound but do no damage.
The hound is heavily wounded.
The hound stops to sniff the ground.
The hound bites you. The hound bites you but does no damage.
You barely miss the hound.
The hound is heavily wounded.
The hound bites you but does no damage.
You hit the hound.
The hound is severely wounded.
The hound bites you. x2
You barely miss the hound.
The hound is severely wounded.
The hound closely misses you.
You hit the hound.
The hound is severely wounded.
The hound barely misses you.
You hit the hound.
The hound is almost dead.
The hound barely misses you. The hound bites you.
You closely miss the hound.
The hound is almost dead.
The hound bites you.
* * * LOW HITPOINT WARNING * * *
You hit the hound but do no damage.
The hound is almost dead.
The hound bites you.
* * * LOW HITPOINT WARNING * * *
You hit the hound but do no damage.
The hound is almost dead.
The hound bites you but does no damage. The hound barely misses you.
You hit the hound but do no damage.
The hound is almost dead.
The hound bites you.
* * * LOW HITPOINT WARNING * * *
Aiming: Paralyse
Press: ? - help, Shift-Dir - straight line, f - hound
Aim: a hound (almost dead, haloed, chance to affect: 57%)
The hound resists with significant effort.
The hound bites you.
You die...

#...#######...##)#####
.........###.........#
...#####..##..)......#
..[.......)...<......#
.##....##.##.........#
######.##..#.........#
..............>#o#####
.#####.........#h#
.)## ##........#@#
...# #........#.# ...#
####...###.#######
...# ##......#.....##
...#
##..............##
...#
#................#
..##
#................#
...#
#..............<.#
...#
#................#


You could see a hound and an orc.

Vanquished Creatures
  A howler monkey (D:4)
  A hound (D:4)
  A sleepcap (D:4)
  Ijyb (D:3)
  4 gnolls
  3 adders
  A shadow imp (D:4)
  A worm (D:3)
  2 dart slugs (D:1)
  3 orcs
  2 bats
  8 endoplasms
  A giant cockroach (D:2)
  7 hobgoblins
  5 quokkas
  5 ball pythons
  A frilled lizard (D:2)
  3 goblins
  6 kobolds
  7 rats
63 creatures vanquished.

Notes
Turn   | Place    | Note
-------+----------+-------------------------------------------
     0 | D:1      | Anon1729 the Mummy Monk began the quest for the Orb.
     0 | D:1      | Reached XP level 1. HP: 18/18 MP: 1/1
   229 | D:1      | Reached XP level 2. HP: 18/24 MP: 2/2
   788 | D:2      | Gained mutation: You are in touch with the powers of death.
                  | [Mummy growth]
   788 | D:2      | Reached XP level 3. HP: 20/29 MP: 3/3
   985 | D:2      | Found a faded altar of an unknown god.
   993 | D:2      | Got Plato's Guide on Execration
  1173 | D:2      | Reached skill level 1 in Armour
  1484 | D:3      | Noticed Ijyb
  1493 | D:3      | Paralysed by Ijyb for 4 turns
  1555 | D:3      | Killed Ijyb
  1556 | D:3      | Reached XP level 4. HP: 20/35 MP: 4/4
  1674 | D:3      | Found Begec's Jewellery Emporium.
  2879 | D:4      | Reached XP level 5. HP: 13/42 MP: 5/5
  3013 | D:3      | Reached skill level 1 in Necromancy
  3647 | D:5      | Entered Level 5 of the Dungeon
  3764 | D:5      | Found a burning altar of Makhleb.
  3897 | D:4      | Slain by a hound

Illustrated notes

Levels and vault maps discovered:
D:1:      ncdulo_watergridlock, layout_basic, corexii_leaking_fountain
D:2:      layout_loops_ring, shapermc_ecumenical_altar_rom_forum
D:3:      layout_basic, serial_shops, shop, uniq_ijyb
D:4:      layout_rooms
D:5:      layout_rooms, overflow_temple_1_default

Skill      XL: |  1  2  3  4  5 |
---------------+----------------+-----
Polearms       | 3 |  3.5
Armour         | 1 |  1.8
Dodging        | 3 |  3.3
Necromancy     | 1 |  1.9
Fighting       | |  3.9

Action                     |  1- 3 |  4- 6 || total
---------------------------+-------+-------++-------
  Melee: Spear             |   131 |   195 ||   326
  Evoke: Wand              |     1 |     6 ||     7
   Stab: Paralysed         |     7 |    15 ||    22
 Armour: Robe              |    10 |    27 ||    37
  Dodge: Dodged            |    38 |   111 ||   149

Table legend: (Time is in decaauts)
 A = Elapsed time spent in this place.
 B = Non-inter-level travel time spent in this place.
 C = Inter-level travel time spent in this place.
 D = Time resting spent in this place.
 E = Time spent auto-exploring this place.
 F = Levels seen in this place.
 G = Mean time per level.
                   A        B        C        D        E       F      G
               +--------+--------+--------+--------+--------+-----+--------+
         Total |   3885 |   3582 |    303 |    738 |   2174 |   5 |  777.0 |
       Dungeon |   3885 |   3582 |    303 |    738 |   2174 |   5 |  777.0 |
               +--------+--------+--------+--------+--------+-----+--------+

Top non-repeatable levels by time:
     D:3: 1456 daAuts
     D:4: 870 daAuts
     D:1: 761 daAuts
     D:2: 755 daAuts
     D:5: 41 daAuts
